Map: Ever Dream LE

Players

RuFF - Winner!

  • Race: Terran Terran
  • League: Master
  • Spawn Location: 7:00

Ape

  • Race: Terran Terran
  • League: Master
  • Spawn Location: 1:00

VOD

Have the link to the VOD?

Description

Who is the bigger ape

Time

  • Played on: Aug. 5, 2020, 9:02 p.m.
  • Length: 19:26
Show
View Real Time Build Order
Export as new Build Order

RuFF Terran - Winner!

Build Orders: Cyclone Opening 

Get SALT Encoding   

  12  0:00  SCV  
  13  0:12  SCV  
  14  0:17  Supply Depot  
  14  0:24  SCV  
  15  0:30  Refinery  
  15  0:38  SCV  
  16  0:44  Barracks  
  16  0:50  SCV  
  17  1:02  SCV  
  18  1:14  SCV  
  19  1:27  SCV  
  19  1:31  Marine  
  21  1:37  Factory  
  21  1:39  Orbital Command  
  21  1:44  Supply Depot  
  21  1:49  Marine  
  22  2:05  SCV  
  22  2:08  Barracks Tech Lab  
  23  2:13  Command Center  
  23  2:19  SCV  
  24  2:24  Bunker  
  23  2:30  Cyclone  
  23  2:36  SCV  
  26  2:48  SCV  
  26  2:51  Refinery  
  27  3:00  SCV  
  28  3:06  Starport  
  28  3:12  SCV  
  29  3:18  Refinery x2  
  29  3:24  SCV  
  29  3:25  Cyclone  
  33  3:29  Orbital Command  
  33  3:36  SCV  
  34  3:48  SCV, Fusion Core  
  34  3:51  Starport Tech Lab  
  34  3:52  Barracks Tech Lab  
  35  3:56  SCV  
  35  4:00  SCV  
  37  4:04  Starport  
  37  4:09  SCV  
  38  4:13  SCV  
  39  4:21  SCV  
  40  4:25  SCV  
  41  4:33  SCV  
  42  4:40  Supply Depot  
  42  4:46  SCV  
  42  4:47  SCV  
  44  5:02  Battlecruiser x2  
  44  5:03  SCV  
  44  5:05  Supply Depot  
  44  5:06  SCV  
  58  5:15  SCV  
  58  5:18  SCV  
  60  5:26  Armory  
  60  5:30  Armory, Weapon Refit  
  60  5:34  SCV x2  
  62  5:40  Supply Depot  
  62  5:43  Supply Depot  
  62  5:46  SCV  
  63  5:56  Command Center  
  63  6:01  SCV  
  64  6:11  Battlecruiser  
  70  6:13  SCV  
  70  6:16  Terran Ship Weapons Level 1  
  71  6:18  Terran Vehicle And Ship Armor Level 1  
  71  6:29  SCV x2  
  73  6:36  Engineering Bay  
  73  6:41  SCV  
  74  6:50  Refinery  
  74  6:53  Refinery  
  71  7:06  Battlecruiser  
  71  7:07  SCV  
  78  7:10  SCV  
  78  7:13  Planetary Fortress  
  79  7:19  SCV, Siege Tank  
  79  7:22  SCV  
  84  7:27  Missile Turret  
  84  7:29  Missile Turret x2  
  84  7:30  Missile Turret  
  84  7:31  Missile Turret  
  84  7:33  SCV  
  84  7:34  SCV  
  86  7:38  Missile Turret  
  86  7:45  SCV  
  86  7:49  Battlecruiser  
  86  7:51  Siege Tank  
  96  7:53  SCV  
  97  8:00  SCV  
  97  8:01  SCV  
  97  8:04  Missile Turret  
  99  8:06  Missile Turret  
  99  8:07  SCV  
  99  8:10  Missile Turret  
  100  8:13  SCV  
  101  8:53  Command Center, Terran Ship Weapons Level 2  
  101  8:54  Terran Vehicle And Ship Armor Level 2  
  101  8:57  Command Center  
  101  9:01  Supply Depot  
  101  9:03  Supply Depot  
  101  9:04  Supply Depot  
  101  9:05  Factory  
  101  9:17  Supply Depot  
  101  9:18  Neosteel Armor  
  101  9:19  Supply Depot  
  101  9:22  SCV x2  
  101  9:23  Battlecruiser  
  109  9:24  SCV, Siege Tank  
  109  9:30  Battlecruiser  
  119  9:37  SCV, Supply Depot  
  120  9:38  Supply Depot  
  120  9:43  SCV  
  121  9:48  SCV, Supply Depot  
  121  9:49  SCV  
  123  9:54  Factory Tech Lab  
  123  9:55  SCV  
  123  9:59  Siege Tank  
  127  10:10  Sensor Tower  
  128  10:35  Battlecruiser  
  96  10:59  SCV x3  
  97  11:05  Missile Turret  
  97  11:06  Missile Turret  
  97  11:07  SCV  
  97  11:08  Missile Turret  
  99  11:13  Siege Tank  
  99  11:14  Starport  
  99  11:15  Starport, Factory  
  101  11:20  SCV x2  
  101  11:21  Planetary Fortress  
  101  11:23  Missile Turret  
  104  11:32  SCV  
  104  11:37  SCV  
  104  11:39  Unknown  
  105  11:44  Sensor Tower  
  105  11:45  SCV  
  105  11:47  Missile Turret  
  106  11:51  Battlecruiser x2, Starport Tech Lab  
  118  11:56  Siege Tank  
  118  11:58  Terran Ship Weapons Level 3  
  118  12:00  Factory Tech Lab  
  121  12:04  SCV x2, Missile Turret  
  121  12:06  SCV  
  124  12:23  Siege Tank  
  124  12:28  Siege Tank  
  124  12:50  Battlecruiser  
  105  12:55  Battlecruiser  
  92  13:07  Terran Vehicle And Ship Armor Level 3  
  92  13:12  Battlecruiser  
  97  13:14  SCV x2  
  99  13:25  Planetary Fortress  
  100  13:27  SCV x3  
  100  13:33  Missile Turret  
  102  13:37  Siege Tank  
  102  13:39  SCV x2  
  107  13:43  SCV  
  107  13:44  Command Center  
  108  13:51  SCV x2  
  108  13:53  Refinery  
  108  13:54  Factory  
  108  13:55  SCV  
  111  13:58  Refinery  
  111  13:59  Battlecruiser  
  117  14:03  SCV x2  
  117  14:04  Missile Turret  
  117  14:06  Sensor Tower  
  117  14:08  SCV x2  
  121  14:15  SCV x2  
  121  14:16  Siege Tank  
  126  14:20  SCV x2  
  128  14:27  SCV  
  128  14:28  SCV  
  130  14:32  SCV x2  
  130  14:35  Terran Vehicle Weapons Level 1  
  130  14:36  Refinery  
  132  14:39  SCV  
  132  14:40  SCV  
  132  14:44  SCV x2  
  112  15:07  Battlecruiser  
  112  15:08  Battlecruiser x2  
  112  15:14  Siege Tank  
  133  15:20  SCV x2  
  135  15:21  SCV  
  135  15:26  SCV  
  133  15:43  SCV  
  134  16:05  SCV x2  
  134  16:08  Orbital Command  
  134  16:09  SCV x2  
  138  16:15  Battlecruiser x2  
  138  16:17  SCV  
  151  16:20  Battlecruiser  
  151  16:21  SCV x2  
  151  16:22  SCV  
  160  16:30  SCV  
  160  16:31  Terran Vehicle Weapons Level 2  
  161  16:39  SCV  
  162  16:43  Supply Depot x2  
  162  16:51  Missile Turret x2  
  162  16:56  Command Center  
  162  17:00  Starport x2  
  162  17:05  SCV  
  163  17:09  SCV  
  163  17:11  Siege Tank x2  
  170  17:20  Battlecruiser x2, SCV  
  177  17:39  Starport Tech Lab  
  177  17:40  Starport Tech Lab  
  177  17:41  Battlecruiser  
  183  17:44  Siege Tank  
  186  17:53  SCV  
  186  17:57  Missile Turret x2  
  187  18:06  Missile Turret  
  187  18:07  SCV, Siege Tank  
  187  18:09  Missile Turret  
  187  18:10  Planetary Fortress  
  187  18:11  Missile Turret  
  187  18:12  Missile Turret  
  191  18:14  Battlecruiser  
  191  18:18  Refinery  
  191  18:19  Refinery  
  197  18:31  Command Center x2  
  197  18:34  Command Center  
  197  19:02  Command Center x3  
Show
View Real Time Build Order
Export as new Build Order

Ape Terran 

Build Orders: Gas First Reaper Expand 

Get SALT Encoding   

  12  0:00  SCV  
  13  0:12  SCV  
  14  0:16  Supply Depot  
  14  0:24  SCV  
  14  0:27  Refinery  
  15  0:38  SCV  
  16  0:44  Barracks  
  16  0:50  SCV  
  17  1:02  SCV  
  18  1:14  SCV  
  19  1:30  Reaper, Orbital Command  
  20  1:44  Command Center  
  20  1:56  SCV  
  20  1:58  Factory  
  21  2:05  Barracks Reactor  
  22  2:08  SCV  
  22  2:12  Supply Depot  
  22  2:16  Refinery  
  22  2:20  SCV  
  23  2:34  SCV  
  23  2:45  Marine x2  
  23  2:46  Starport  
  23  2:47  SCV  
  23  2:50  Factory Tech Lab  
  26  2:56  Orbital Command  
  26  3:01  Bunker  
  26  3:02  Marine x2  
  26  3:04  SCV  
  29  3:13  Cyclone  
  29  3:16  SCV  
  33  3:21  Marine x2  
  33  3:23  SCV  
  36  3:31  Viking  
  38  3:34  SCV  
  38  3:35  SCV  
  38  3:38  Supply Depot  
  40  3:43  Marine x2  
  40  3:46  SCV  
  43  3:51  Siege Tank  
  46  3:56  Supply Depot  
  46  4:00  SCV x2  
  48  4:12  Command Center  
  48  4:13  Starport Tech Lab  
  48  4:18  SCV  
  48  4:20  SCV  
  48  4:22  Refinery  
  50  4:27  Refinery  
  50  4:30  SCV  
  51  4:32  Raven  
  51  4:34  Marine x2  
  51  4:36  SCV  
  56  4:39  Supply Depot  
  56  4:42  SCV  
  57  4:48  SCV  
  57  4:50  Siege Tank  
  57  4:52  Marine  
  62  4:56  Supply Depot  
  62  5:00  SCV x2, Marine  
  65  5:08  Engineering Bay  
  65  5:09  Engineering Bay  
  65  5:12  SCV  
  65  5:13  SCV  
  67  5:24  Marine  
  67  5:25  Stimpack, Orbital Command  
  67  5:27  SCV  
  69  5:30  Starport Reactor  
  69  5:33  SCV, Barracks  
  69  5:34  Barracks  
  70  5:36  Terran Infantry Armor Level 1  
  70  5:39  Terran Infantry Weapons Level 1  
  70  5:41  SCV  
  71  5:47  Marine  
  75  5:50  SCV x2  
  75  5:56  Cyclone  
  77  5:59  Mag-Field Accelerator  
  77  6:01  SCV  
  77  6:02  SCV  
  79  6:05  Starport  
  79  6:08  Viking x2  
  79  6:11  SCV  
  84  6:14  Supply Depot  
  84  6:16  Marine  
  84  6:17  SCV  
  84  6:18  SCV  
  87  6:20  Marine  
  87  6:21  Marine  
  87  6:24  Barracks Reactor  
  88  6:29  Cyclone  
  91  6:33  Armory  
  91  6:35  Supply Depot  
  91  6:43  Viking, Marine  
  83  7:02  Orbital Command  
  83  7:05  Marine x2  
  83  7:06  Marine  
  83  7:07  Viking x2  
  90  7:10  SCV  
  91  7:16  Cyclone  
  91  7:17  Barracks Reactor, Viking x2  
  98  7:23  Marine x2  
  98  7:25  Barracks  
  98  7:28  SCV  
  98  7:29  Barracks  
  101  7:31  SCV x2  
  103  7:40  SCV, Supply Depot x2  
  103  7:41  Terran Infantry Weapons Level 2  
  103  7:43  SCV x2  
  106  7:46  Terran Infantry Armor Level 2  
  106  7:51  Marine  
  106  7:52  Marine  
  106  7:53  Marine  
  109  7:58  Refinery  
  109  7:59  Supply Depot, Refinery  
  109  8:02  SCV x3, Supply Depot, Marauder, Marine  
  115  8:10  Marine x2  
  115  8:11  Marine, Siege Tank  
  115  8:12  Barracks Reactor  
  121  8:14  Barracks Tech Lab  
  121  8:15  Barracks Tech Lab  
  121  8:18  SCV x2  
  123  8:22  SCV  
  123  8:26  Command Center  
  119  8:30  SCV  
  114  8:39  Marine x2  
  114  8:40  Marauder x2, Marine x2  
  114  8:41  Marauder  
  124  8:43  Viking, Medivac x2  
  124  8:44  Viking  
  132  8:55  Supply Depot  
  132  8:56  Supply Depot  
  132  8:57  Supply Depot  
  132  9:02  Marauder x3  
  138  9:07  Combat Shield  
  138  9:08  Concussive Shells  
  138  9:10  Marine x2  
  138  9:11  Marine  
  138  9:17  Marine  
  141  9:22  Viking  
  141  9:23  Viking, Marauder x2  
  150  9:25  Viking x2  
  150  9:29  Marine  
  150  9:30  Marauder, Marine  
  158  9:44  Marauder  
  160  9:45  Command Center  
  160  9:47  Marauder, Marine x4  
  160  9:51  Terran Ship Weapons Level 1, Marauder  
  168  9:58  Medivac x2  
  172  10:03  Supply Depot x2  
  172  10:04  Supply Depot  
  172  10:07  Orbital Command  
  172  10:10  Terran Infantry Weapons Level 3  
  172  10:12  Terran Infantry Armor Level 3  
  146  10:40  Marauder x3, Marine x4  
  133  10:53  SCV  
  115  10:58  Marine x4  
  115  11:02  Marauder x3  
  120  11:06  Orbital Command  
  120  11:16  Marine x4  
  124  11:18  Siege Tank  
  124  11:23  Marauder x2, Liberator  
  124  11:24  Liberator  
  137  11:27  Marauder  
  139  11:33  Marine x2  
  139  11:36  Marine x2  
  143  11:44  Marauder x2  
  146  11:48  Marauder  
  146  11:49  Command Center  
  146  11:51  Marine x2  
  146  11:54  Marine x2  
  152  12:06  Medivac x2, Marauder x2  
  160  12:09  Marine x2  
  161  12:21  Marine x3  
  163  12:27  Marauder x2, Marine  
  132  12:48  Marauder, Marine x3  
  132  12:49  Marauder  
  130  12:56  Marauder, Marine  
  118  12:58  Viking x2  
  118  12:59  Viking x2  
  106  13:06  Marine  
  106  13:07  Marine x2  
  106  13:10  Marauder x2  
  103  13:13  Starport x2, Marine  
  103  13:14  Command Center  
  103  13:15  Command Center  
  103  13:17  Marauder  
  106  13:21  Terran Ship Weapons Level 2  
  106  13:24  Marine  
  106  13:25  Marine x2  
  106  13:31  Marauder x2  
  110  13:35  SCV x3  
  110  13:36  SCV x2  
  110  13:39  Orbital Command  
  115  13:45  Viking x3  
  115  13:47  SCV x2  
  123  13:52  Viking  
  123  13:54  Starport Reactor x2  
  126  13:55  SCV x2  
  126  13:56  SCV  
  126  13:59  SCV  
  129  14:03  SCV  
  129  14:07  SCV  
  129  14:08  SCV x2  
  129  14:09  SCV  
  134  14:11  SCV  
  134  14:15  SCV  
  136  14:17  Viking x3  
  136  14:20  SCV x3  
  145  14:28  Orbital Command  
  145  14:31  Marauder x3, Marine x4  
  151  14:34  Viking x2  
  159  14:40  Refinery x2  
  149  14:49  Marine x4  
  149  14:52  Marine x2  
  132  15:02  Marine  
  132  15:03  Viking x2  
  132  15:06  Marine  
  132  15:07  Marine x3  
  125  15:09  Marine  
  125  15:10  Marine  
  120  15:16  Viking  
  120  15:18  Orbital Command  
  120  15:19  Marine  
  117  15:24  Marine x3  
  117  15:25  Marine  
  117  15:27  Marine x2  
  101  15:37  Marine  
  101  15:42  Marine x2  
  93  15:44  Viking x6  
  76  16:05  Marauder x3, Marine x4  
  76  16:10  SCV x7  
  93  16:20  Viking x2  
  93  16:22  SCV x7, Viking  
  93  16:23  Marine x4  
  110  16:27  Marauder  
  110  16:30  Marauder x2  
  116  16:34  SCV x6, Barracks  
  116  16:35  Barracks  
  116  16:36  Refinery  
  116  16:37  Refinery  
  116  16:38  Command Center, Barracks  
  122  16:41  Refinery, Marine  
  122  16:45  Medivac  
  125  16:48  Marauder  
  125  16:49  SCV x3  
  125  16:50  SCV x4  
  125  16:53  Marauder x2, Marine x3  
  141  16:59  Marine  
  142  17:01  SCV  
  143  17:09  Marauder  
  143  17:12  Orbital Command  
  145  17:16  Command Center x2  
  145  17:18  Marauder x2, Command Center, Marine x4  
  145  17:21  Refinery  
  153  17:26  SCV x6  
  145  17:30  Marine  
  145  17:36  Marine  
  135  17:38  SCV  
  135  17:39  SCV x4  
  135  17:41  SCV x2  
  142  17:50  SCV  
  142  17:51  SCV x4  
  147  17:52  Marine x4  
  147  17:53  SCV x2, Marauder x2  
  147  17:54  Barracks Reactor  
  147  17:55  Barracks Reactor  
  147  17:56  Barracks Tech Lab  
  157  18:03  Viking x3  
  163  18:07  Unknown  
  163  18:13  Viking x2  
  167  18:28  Medivac  
  167  18:29  Medivac  
  167  18:30  Viking  
  167  18:31  Marauder x3  
  167  18:33  Viking, Marauder  
  167  18:34  Marine x8  
  191  18:41  Armory  
  191  18:46  Orbital Command x2  
  191  18:52  Marine x3  
  194  18:58  Marine x4  
  197  19:06  Refinery  
  197  19:07  Refinery  
Tags
 
Add a new tag
Caveats
  • Supply blocks, unpowered buildings, or Contaminate may cause inaccurate times.
  • Supply counts are checked every 10 seconds.